Map: Blackpink LE

Players

Mello - Winner!

  • Race: Protoss Protoss
  • League: Silver
  • Spawn Location: 7:00

IagoAbreu

  • Race: Protoss Protoss
  • League: Silver
  • Spawn Location: 1:00

VOD

Have the link to the VOD?

Description

Time

  • Played on: Feb. 28, 2018, 9:42 a.m.
  • Length: 14:45
Show
View Real Time Build Order
Export as new Build Order

Mello Protoss - Winner!

Build Orders: Oracle Opening, Phoenix Opening 

Get SALT Encoding   

  12  0:01  Probe  
  13  0:14  Pylon  
  13  0:18  Probe  
  14  0:30  Probe  
  14  0:35  Gateway  
  16  0:42  Probe  
  16  0:45  Assimilator  
  16  0:55  Probe  
  17  0:58  Assimilator  
  17  1:07  Probe  
  17  1:08  Pylon  
  18  1:19  Probe (Chrono Boost)  
  19  1:29  Cybernetics Core  
  19  1:31  Probe (Chrono Boost)  
  20  1:36  Probe (Chrono Boost)  
  21  1:45  Probe  
  22  2:07  Stargate  
  22  2:18  Probe  
  22  2:19  Sentry  
  22  2:22  Pylon  
  25  2:27  Gateway  
  25  2:30  Warp Gate (Chrono Boost)  
  25  2:40  Stalker  
  27  2:52  Phoenix  
  29  3:00  Nexus  
  29  3:33  Oracle  
  32  3:42  Stalker (Chrono Boost)  
  36  3:51  Sentry (Chrono Boost)  
  36  4:13  Probe  
  37  4:23  Oracle  
  37  4:25  Probe  
  41  4:35  Stalker  
  41  4:36  Sentry  
  41  4:37  Probe (Chrono Boost)  
  46  4:48  Probe (Chrono Boost)  
  47  4:52  Probe (Chrono Boost)  
  48  5:03  Probe  
  49  5:15  Probe  
  50  5:41  Probe  
  51  5:44  Stalker (Chrono Boost)  
  53  5:53  Probe  
  53  5:54  Pylon  
  53  5:56  Stalker (Chrono Boost)  
  54  6:12  Zealot, Probe  
  57  6:19  Zealot, Pylon  
  57  6:22  Pylon  
  57  6:24  Probe (Chrono Boost)  
  57  6:25  Pylon  
  60  6:31  Pylon  
  60  6:34  Probe (Chrono Boost)  
  60  6:39  Probe (Chrono Boost)  
  63  6:40  Sentry  
  66  6:47  Stalker (Chrono Boost)  
  66  6:51  Probe  
  67  6:56  Robotics Facility  
  67  7:00  Gateway  
  67  7:02  Gateway  
  67  7:03  Probe  
  67  7:05  Gateway  
  67  7:06  Assimilator  
  68  7:08  Gateway  
  68  7:09  Assimilator, Stalker (Chrono Boost)  
  68  7:12  Gateway  
  68  7:13  Gateway  
  72  7:23  Sentry (Chrono Boost)  
  72  8:10  Zealot  
  72  8:11  Zealot x5  
  76  9:14  Stalker x3  
  76  9:15  Stalker x2  
  76  9:16  Stalker x3  
  92  9:31  Pylon  
  92  9:34  Pylon  
  92  9:49  Immortal  
  94  10:16  Nexus  
  94  10:18  Stalker x4  
  104  10:28  Immortal  
  104  10:54  Phoenix  
  106  11:06  Pylon  
  106  11:07  Immortal  
  106  11:10  Pylon  
  114  11:47  Immortal (Chrono Boost)  
  114  12:23  Immortal (Chrono Boost)  
  114  12:24  Twilight Council  
  118  12:33  Stalker  
  118  12:34  Stalker  
  118  12:35  Stalker  
  124  12:40  Probe (Chrono Boost)  
  127  12:49  Probe x3 (Chrono Boost)  
  128  12:54  Probe (Chrono Boost)  
  128  12:56  Probe x2  
  115  13:06  Probe  
  115  13:08  Probe x2  
  116  13:18  Probe  
  117  13:20  Probe x2  
  119  13:32  Probe x2  
  121  14:28  Zealot  
  121  14:30  Zealot  
  121  14:31  Zealot x4  
  135  14:39  Assimilator  
  135  14:41  Assimilator  
Show
View Real Time Build Order
Export as new Build Order

IagoAbreu Protoss 

Build Orders:  

Get SALT Encoding   

  12  0:02  Probe (Chrono Boost)  
  13  0:11  Probe (Chrono Boost)  
  14  0:20  Pylon  
  14  0:25  Probe  
  15  0:33  Pylon  
  15  0:38  Probe  
  16  0:45  Pylon  
  16  0:55  Pylon  
  16  0:59  Assimilator, Probe (Chrono Boost)  
  17  1:10  Pylon, Probe (Chrono Boost)  
  18  1:15  Probe (Chrono Boost)  
  19  1:23  Pylon  
  19  1:29  Pylon, Probe  
  20  1:41  Assimilator, Probe  
  21  1:52  Forge  
  21  1:53  Probe  
  22  2:10  Probe  
  23  2:28  Pylon  
  23  2:30  Pylon  
  23  2:42  Photon Cannon  
  23  2:47  Photon Cannon  
  23  2:56  Photon Cannon  
  23  2:58  Photon Cannon  
  23  3:22  Nexus  
  23  3:44  Pylon  
  23  3:48  Pylon  
  23  3:54  Pylon  
  23  3:58  Pylon  
  23  3:59  Probe (Chrono Boost)  
  24  4:09  Probe (Chrono Boost)  
  25  4:14  Probe (Chrono Boost)  
  26  4:21  Photon Cannon  
  26  4:25  Photon Cannon, Probe  
  26  4:29  Photon Cannon  
  27  4:35  Photon Cannon  
  27  4:38  Probe x2 (Chrono Boost)  
  29  4:47  Photon Cannon  
  29  4:50  Probe (Chrono Boost)  
  30  4:59  Probe (Chrono Boost)  
  18  5:18  Photon Cannon  
  18  5:27  Photon Cannon  
  18  6:19  Pylon  
  18  6:27  Photon Cannon  
  18  6:41  Pylon  
  18  6:50  Pylon  
  18  6:55  Pylon  
  18  7:09  Nexus  
  18  7:19  Photon Cannon  
  18  7:25  Probe (Chrono Boost)  
  19  7:36  Pylon, Probe (Chrono Boost)  
  20  7:41  Probe (Chrono Boost)  
  21  8:13  Pylon  
  20  8:37  Probe (Chrono Boost)  
  21  8:44  Probe (Chrono Boost)  
  21  8:48  Probe (Chrono Boost)  
  23  8:52  Probe (Chrono Boost)  
  23  8:54  Probe (Chrono Boost)  
  25  9:03  Probe  
  25  9:08  Pylon  
  26  9:15  Probe (Chrono Boost)  
  26  9:16  Pylon  
  26  9:27  Probe (Chrono Boost)  
  26  9:28  Gateway  
  26  9:30  Gateway  
  27  9:32  Gateway  
  27  9:33  Probe (Chrono Boost)  
  27  9:37  Gateway  
  28  9:40  Gateway  
  28  9:42  Probe  
  29  9:53  Nexus  
  29  10:00  Pylon  
  29  10:29  Cybernetics Core  
  29  10:31  Forge  
  29  10:34  Zealot x4 (Chrono Boost)  
  33  10:40  Zealot (Chrono Boost)  
  31  10:58  Zealot x5 (Chrono Boost)  
  33  11:06  Probe (Chrono Boost)  
  34  11:17  Zealot, Probe (Chrono Boost)  
  34  11:18  Zealot x4  
  45  11:21  Probe (Chrono Boost)  
  46  11:33  Probe  
  47  11:44  Adept  
  47  11:45  Adept x2, Probe  
  54  11:52  Pylon  
  54  11:59  Pylon  
  54  12:10  Adept x2, Probe  
  59  12:18  Adept x2  
  59  12:21  Sentry  
  59  12:22  Probe  
  66  12:34  Probe  
  69  12:44  Sentry  
  69  12:46  Probe  
  70  12:52  Pylon  
  70  12:56  Pylon  
  64  12:58  Probe  
  11  14:15  Nexus  
  11  14:18  Pylon  
  11  14:20  Pylon  
  11  14:22  Pylon  
Tags
 
Add a new tag
Caveats
  • Supply blocks, unpowered buildings, or Contaminate may cause inaccurate times.
  • Supply counts are checked every 10 seconds.